 Dungeon Crawl Stone Soup version 0.23.0 (webtiles) character file.

Game seed: 15467510863493163066

2869 McKennaii the Blocker (level 9, -1/55 HPs)
             Began as a Gargoyle Fighter on Feb 9, 2019.
             Was an Elder of Cheibriados.
             Killed by divine providence
             ... invoked by an orc priest
              (16 damage)
             ... on level 8 of the Dungeon.
             The game lasted 00:18:59 (8531 turns).

McKennaii the Blocker (Gargoyle Fighter)            Turns: 8531, Time: 00:19:00

Health: -1/55      AC: 22    Str: 38    XL:     9   Next: 76%
Magic:  9/9        EV: 10    Int: 25    God:    Cheibriados [****..]
Gold:   447        SH: 18    Dex: 17    Spells: 8/8 levels left

rFire    . . .     SeeInvis .   a - +1 flail
rCold    . . .     Gourm    .   c - +0 shield
rNeg     + . .     Faith    .   t - +0 chain mail
rPois    ∞         Spirit   .   z - +0 hat "Jaehe" {Str+5 Int+6 Dex-2}
rElec    +         Reflect  +   y - +2 cloak
rCorr    .         Harm     .   (no gloves)
MR       .....                  v - +1 pair of boots
Stlth    ..........             l - +4 amulet of reflection
HPRegen  0.18/turn              (no ring)
MPRegen  0.11/turn              (no ring)

@: very slow
A: negative energy resistance 1, electricity resistance, unbreathing,
petrification resistance, rot immunity, AC +6
a: Bend Time, Temporal Distortion, Slouch, Renounce Religion


You were on level 8 of the Dungeon.
You worshipped Cheibriados.
Cheibriados was greatly pleased with you.
You were not hungry.

You visited 2 branches of the dungeon, and saw 9 of its levels.
You also visited: Sewer.

You collected 447 gold pieces.

Inventory:

Hand Weapons
 a - a +1 flail (weapon)
Armour
 c - a +0 shield (worn)
 t - a +0 chain mail (worn)
 v - a +1 pair of boots (worn)
 y - a +2 cloak (worn)
 z - the +0 hat "Jaehe" (worn) {Str+5 Int+6 Dex-2}
   (You found it on level 5 of the Dungeon)

   It affects your strength (+5).
   It affects your intelligence (+6).
   It affects your dexterity (-2).
Jewellery
 l - a +4 amulet of reflection (around neck)
Wands
 D - a wand of polymorph (5)
Scrolls
 b - a scroll of immolation
 e - 5 scrolls of teleportation
 g - 3 scrolls of enchant weapon
 i - 2 scrolls of enchant armour
 k - 2 scrolls of identify
 p - a scroll of fear {unknown}
 w - a scroll of remove curse
 x - a scroll of amnesia
 E - a scroll of magic mapping {unknown}
Potions
 d - a potion of might
 h - 2 potions of resistance
 j - a potion of magic
 m - a potion of mutation
 n - a potion of agility
 o - 5 potions of curing
 r - a potion of brilliance {unknown}
 s - 4 potions of flight {unknown}
 u - 4 potions of invisibility {unknown}
 A - 2 potions of cancellation {unknown}
 B - a potion of ambrosia {unknown}
 C - a potion of haste {unknown}
Comestibles
 f - 13 rations
 q - 2 chunks of flesh


   Skills:
 + Level 6.0 Fighting
 + Level 7.7 Maces & Flails
 + Level 6.7 Armour
 + Level 2.6 Dodging
 + Level 1.3 Stealth
 + Level 8.6 Shields


You had 8 spell levels left.
You didn't know any spells.
Your spell library contained the following spells:

 Spells                   Type           Power        Failure   Level  Hunger
 Animate Skeleton         Necr           N/A          71%         1    ##.....
 Confusing Touch          Hex            #.....       71%         1    ##.....
 Pain                     Necr           #...         71%         1    ##.....
 Confuse                  Hex            #.......     97%         3    ####...
 Gell's Gravitas          Tloc           #.........   97%         3    ####...
 Regeneration             Chrm/Necr      #.........   97%         3    ####...
 Vampiric Draining        Necr           #.........   97%         3    ####...
 Animate Dead             Necr           N/A          100%        4    #####..
 Petrify                  Tmut/Erth      #.......     100%        4    #####..
 Bolt of Magma            Conj/Fire/Erth #.........   100%        5    ######.
 Iskenderun's Battlesphe  Conj/Chrm      #.......     100%        5    ######.
 Metabolic Englaciation   Hex/Ice        #.........   100%        5    ######.
 Venom Bolt               Conj/Pois      #.........   100%        5    ######.
 Yara's Violent Unravell  Hex/Tmut       #.........   100%        5    ######.
 Iron Shot                Conj/Erth      #.........   100%        6    #######
 Orb of Destruction       Conj           #.........   100%        7    #######
 Spellforged Servitor     Conj/Summ      #.........   100%        7    #######


Dungeon Overview and Level Annotations

Branches:
Dungeon (8/15)             Temple (1/1) D:4
   Lair: D:8-11

Altars:
Ashenzari
Cheibriados
Fedhas
Gozag
Hepliaklqana
Kikubaaqudgha
Makhleb
Okawaru
Trog
Uskayaw
Wu Jian
Xom
Yredelemnul
Zin


Innate Abilities, Weirdness & Mutations

You are resistant to torment.
Your stone body is resilient. (AC +6)
You are immune to poison.
You resist negative energy. (rN+)
You are resistant to electric shocks. (rElec)
You can survive without breathing.
You are immune to petrification.
You are immune to rotting.


Message History

Cheibriados appreciates the change of pace.
The orc hits you but does no damage.
Your shield and chain mail prevent you from hitting the orc warrior.
An orc priest comes into view.
You block the orc's attack.
The orc warrior hits you but does no damage.
The orc priest shouts!
You hit the orc warrior.
The orc warrior is lightly wounded.
You block the orc's attack.
An orc priest comes into view. It is wielding a +0 hand axe.
The orc warrior hits you with a +0 mace!
* * * LOW HITPOINT WARNING * * *
The orc closely misses you. You block the orc warrior's attack.
You block the orc's attack.
Items here: ( ))) †† The orc barely misses you.
The orc priest invokes the aid of Beogh against you.
Beogh smites you!
You die...

###### ##....# #.....#
#..... ### ##...## ..##
##.....# ...# #####
#..oo..###
...###.#.#####o.@....#
..###..)..#.o.##.)....#
..............##..$...(.
........#.....#.........
....##.....o............
.......#................
.....#..................
.....#...).##..(........
....##..#..##......


You could see an orc warrior, an orc priest and 2 orcs.

Vanquished Creatures
  A hippogriff (D:7)
  An ice beast (D:5)
  A sky beast (D:5)
  A black bear (D:8)
  An ogre (D:7)
  2 centaurs
  2 bullfrogs (D:7)
  A gnoll sergeant (D:6)
  A scorpion (D:4)
  5 killer bees
  5 howler monkeys
  4 electric eels (D:7)
  10 crimson imps
  2 bullfrog zombies (D:6)
  5 orc priests
  2 hounds
  6 orc wizards
  2 iguanas
  Jessica (D:2)
  6 worker ants
  A hound zombie (D:6)
  A hound skeleton (D:6)
  A worker ant zombie (D:5)
  11 adders
  5 gnolls
  A shadow imp (D:6)
  5 oozes
  2 adder skeletons
  5 worms
  2 dart slugs (D:1)
  5 leopard geckos
  24 orcs
  5 ball pythons
  11 giant cockroaches
  7 goblins
  11 hobgoblins
  6 jackals
  4 quokkas
  17 bats
  9 frilled lizards
  A jackal zombie (D:4)
  10 kobolds
  2 leopard gecko skeletons (D:4)
  A quokka skeleton (D:7)
  7 rats
213 creatures vanquished.

Vanquished Creatures (others)
  A plant (D:7)
1 creature vanquished.

Grand Total: 214 creatures vanquished

Notes
Turn   | Place    | Note
-------+----------+-------------------------------------------
     0 | D:1      | McKennaii the Gargoyle Fighter began the quest for the Orb.
     0 | D:1      | Reached XP level 1. HP: 14/14 MP: 1/1
     2 | D:1      | Noticed a vine stalker
     2 | D:1      | Noticed a spriggan
     4 | D:1      | Noticed a demigod
     6 | D:1      | Noticed a centaur
     6 | D:1      | Noticed a dwarf
     8 | D:1      | Noticed a human
     8 | D:1      | Noticed a vampire
    10 | D:1      | Noticed a tengu
    12 | D:1      | Noticed a formicid
    14 | D:1      | Noticed an ogre
    14 | D:1      | Noticed a demonspawn
    16 | D:1      | Noticed a felid
    16 | D:1      | Noticed a draconian
    18 | D:1      | Noticed a merfolk
    18 | D:1      | Noticed a ghoul
    20 | D:1      | Noticed a troll
    20 | D:1      | Noticed an octopode
    22 | D:1      | Noticed a naga
    22 | D:1      | Noticed a minotaur
    24 | D:1      | Noticed a gargoyle
    24 | D:1      | Noticed a halfling
    26 | D:1      | Noticed an elf
   159 | D:1      | Reached XP level 2. HP: 19/19 MP: 2/2
   377 | D:1      | Reached XP level 3. HP: 12/23 MP: 3/3
  1103 | D:2      | Reached skill level 1 in Dodging
  1141 | D:2      | Reached XP level 4. HP: 29/29 MP: 4/4
  1210 | D:2      | Reached skill level 4 in Shields
  2060 | D:3      | Noticed Jessica
  2078 | D:2      | Killed Jessica
  2078 | D:2      | Reached XP level 5. HP: 11/33 MP: 5/5
  2600 | D:3      | Found a faded altar of an unknown god.
  3031 | D:4      | Reached XP level 6. HP: 31/38 MP: 6/6
  3577 | D:4      | Found a staircase to the Ecumenical Temple.
  3586 | Temple   | Entered the Ecumenical Temple
  3630 | Temple   | Became a worshipper of Cheibriados the Contemplative
  4099 | D:5      | Entered Level 5 of the Dungeon
  4157 | D:5      | Reached skill level 5 in Shields
  4294 | D:5      | Noticed a sky beast
  4296 | D:5      | Noticed an ice beast
  4333 | D:5      | Reached XP level 7. HP: 41/43 MP: 7/7
  4369 | D:5      | Reached * piety under Cheibriados
  4457 | D:5      | Reached skill level 5 in Maces & Flails
  4468 | D:5      | Reached skill level 5 in Armour
  4502 | D:5      | Reached skill level 6 in Shields
  4847 | D:5      | Got a spiked hat
  4853 | D:5      | Identified the cursed +0 hat "Jaehe" {Str+5 Int+6 Dex-2}
                  | (You found it on level 5 of the Dungeon)
  4939 | D:5      | Reached XP level 8. HP: 47/48 MP: 8/8
  5720 | D:6      | Reached ** piety under Cheibriados
  5824 | D:6      | Reached skill level 7 in Shields
  5923 | D:6      | Found a glowing drain.
  5947 | Sewer    | Entered a sewer
  6116 | Sewer    | Reached *** piety under Cheibriados
  6602 | D:6      | Reached skill level 5 in Fighting
  6733 | D:6      | Found a shattered altar of Ashenzari.
  6738 | D:6      | Found an ancient bone altar of Kikubaaqudgha.
  6741 | D:6      | Found a blossoming altar of Fedhas.
  6741 | D:6      | Found a burning altar of Makhleb.
  6741 | D:6      | Found a bloodstained altar of Trog.
  6742 | D:6      | Found a hazy altar of Hepliaklqana.
  6742 | D:6      | Found an iron altar of Okawaru.
  6744 | D:6      | Found a hide-covered altar of Uskayaw.
  6745 | D:6      | Found a glowing silver altar of Zin.
  7082 | D:7      | Noticed a hippogriff
  7090 | D:7      | Killed a hippogriff
  7090 | D:7      | Reached XP level 9. HP: 46/54 MP: 9/9
  7755 | D:7      | Reached skill level 1 in Stealth
  8264 | D:8      | Reached **** piety under Cheibriados
  8276 | D:7      | Reached skill level 8 in Shields
  8531 | D:8      | Killed from afar by an orc priest

Skill      XL: |  1  2  3  4  5  6  7  8  9 |
---------------+----------------------------+-----
Dodging        | 1 2 |  2.6
Shields        | 4 5 6 7 8 |  8.6
Armour         | 4 5 6 |  6.7
Maces & Flails | 3 4 5 7 |  7.7
Fighting       | 4 5 6 |  6.0
Stealth        | 1 |  1.3

Action                   |  1- 3 |  4- 6 |  7- 9 || total
-------------------------+-------+-------+-------++-------
Melee: Flail             |   190 |   296 |   528 ||  1014
  Use: Scroll            |       |       |    16 ||    16
  Eat: Chunk             |     1 |     8 |     8 ||    17
       Ration            |       |     1 |       ||     1
Armor: Scale mail        |   179 |    94 |       ||   273
       Chain mail        |       |    92 |   421 ||   513
Dodge: Dodged            |    89 |   100 |   270 ||   459
Block: Shield            |   136 |   215 |   530 ||   881
       Reflection        |       |       |     1 ||     1
